 Dungeon Crawl Stone Soup version 0.20.1-1-g8b1a95d (webtiles) character file.

211 rajaping the Magician (level 5, 0/28 HPs)
             Began as a Deep Elf Fire Elementalist on Nov 28, 2017.
             Engulfed by a cloud of flame (9 damage)
             ... on level 3 of the Dungeon.
             The game lasted 00:19:02 (4542 turns).

rajaping the Magician (Deep Elf Fire Elementalist)  Turns: 4542, Time: 00:19:02

Health: 0/28       AC:  3    Str:  5    XL:     5   Next: 57%
Magic:  14/14      EV: 13    Int: 21    God:
Gold:   151        SH:  3    Dex: 15    Spells: 3/14 levels left

rFire    + . .     SeeInvis .   F - +0 glaive
rCold    + . .     Gourm    .   (shield currently unavailable)
rNeg     . . .     Faith    .   a - +0 robe
rPois    .         Spirit   .   A - +0 helmet
rElec    .         Reflect  +   n - scarf {rC+ rF+}
rCorr    .         Harm     .   (no gloves)
MR       +....                  (no boots)
Stlth    ++........             k - +3 amulet of reflection
Regen    0.1/turn               q - ring of protection from magic
MPRegen  0.2/turn               (no ring)

@: no status effects
A: no striking features
a: no special abilities


You were on level 3 of the Dungeon.
You were hungry.

You visited 1 branch of the dungeon, and saw 3 of its levels.

You collected 151 gold pieces.

Inventory:

Hand Weapons
 p - a +0 mace
 y - a +0 hunting sling
 E - a +0 blowgun
 F - a +0 glaive (weapon)
Missiles
 j - 79 stones (quivered)
 r - 29 poisoned needles
 B - 4 silver tomahawks
Armour
 a - a +0 robe (worn)
 n - a scarf of resistance (worn)
 w - a cursed +0 buckler
 A - a +0 helmet (worn)
Jewellery
 h - an uncursed amulet of rage
 k - a +3 amulet of reflection (around neck)
 q - a ring of protection from magic (left hand)
Wands
 v - a wand of polymorph (15/24)
Scrolls
 d - 6 scrolls of identify {unknown}
 i - a scroll of enchant armour {unknown}
 m - 2 scrolls of remove curse {unknown}
 o - a scroll of noise {unknown}
 x - 2 scrolls of teleportation {unknown}
 C - a scroll of recharging {unknown}
Potions
 e - a potion of flight {unknown}
 g - 2 potions of heal wounds {unknown}
 s - a potion of curing {unknown}
 t - a potion of invisibility {unknown}
 z - a potion of cancellation {unknown}
Books
 b - a book of Flames

   Spells                             Type                      Level
   a - Flame Tongue                   Conjuration/Fire             1
   b - Throw Flame                    Conjuration/Fire             2
   c - Conjure Flame                  Conjuration/Fire             3
   d - Inner Flame                    Hexes/Fire                   3
   e - Sticky Flame                   Conjuration/Fire             4
   f - Fireball                       Conjuration/Fire             5
Comestibles
 c - 3 bread rations
 f - 4 meat rations
 l - 2 royal jellies


   Skills:
 - Level 2.4 Dodging
 - Level 2.4 Stealth
 + Level 5.1 Spellcasting
 + Level 3.6 Conjurations
 + Level 4.7 Fire Magic


You had 3 spell levels left.
You knew the following spells:

 Your Spells              Type           Power        Failure   Level  Hunger
c - Conjure Flame         Conj/Fire      ###.....     5%          3    ##.....
i - Inner Flame           Hex/Fire       ###.....     12%         3    ##.....
t - Sticky Flame          Conj/Fire      ###.....     19%         4    ####...
z - Flame Tongue          Conj/Fire      ###..        1%          1    None


Dungeon Overview and Level Annotations

Branches:
Dungeon (3/15)

Altars:


Message History

You are feeling very hungry.
i - a scroll labeled WEMAHO UZIUZAR
Okay, then.
Partly explored, can't reach some places.
Partly explored, can't reach some places.
You eat the fruit.
Mmm - a full handful of strawberries!
Really walk into a travel-excluded area?
You start waiting.
You are feeling hungry.
Really walk into that cloud of flame?
Okay, then.
You start waiting.
You start waiting.
Done waiting.
You're in a travel-excluded area, stopping travel.
Really walk into that cloud of flame?
You are engulfed in blazing flames.
You resist.
You are engulfed in blazing flames.
You resist.
You are engulfed in blazing flames.
You resist.
You die...

#...........####.............
####.........................
#####...#####.##...#.....#
#§§§# #.##...#...... #§§§#
#.##...#...... #§§§#
###....#.#....
#####...#######...........
##.§§§.[)(?§§§..............
#..§§§.[(..@§§..............
#...§§.(...§§§..............
####.#####...#####.............
##....# #§§§# #......#.#...)
#...[.# #§§§# #......#.#....
##..#.# #§§§# #......#......
#..#.# ###...######.....#......
#..#.###.......................
#......'.......................


There were no monsters in sight!

Vanquished Creatures
  An orc wizard (D:3)
  Jessica (D:2)
  Robin (D:3)
  An adder (D:2)
  2 worms
  2 leopard geckos
  6 orcs (D:3)
  7 bats
  6 giant cockroaches
  16 goblins
  15 hobgoblins
  20 jackals
  5 quokkas
  3 frilled lizards
  11 kobolds
  13 rats
110 creatures vanquished.

Vanquished Creatures (others)
  An ooze (D:3)
  An orc (D:3)
  A rat (D:3)
3 creatures vanquished.

Grand Total: 113 creatures vanquished

Notes
Turn   | Place    | Note
-------+----------+-------------------------------------------
     0 | D:1      | rajaping the Deep Elf Fire Elementalist began the quest for the Orb.
     0 | D:1      | Reached XP level 1. HP: 10/10 MP: 6/6
   215 | D:1      | Reached XP level 2. HP: 12/15 MP: 1/8
  1035 | D:2      | Reached XP level 3. HP: 19/19 MP: 8/10
  1040 | D:2      | Learned a level 3 spell: Conjure Flame
  1044 | D:2      | Learned a level 3 spell: Inner Flame
  1635 | D:2      | Reached skill level 4 in Spellcasting
  1755 | D:2      | Reached XP level 4. HP: 21/24 MP: 6/12
  1827 | D:2      | Learned a level 4 spell: Sticky Flame
  1840 | D:2      | Noticed Jessica
  1867 | D:2      | Killed Jessica
  2595 | D:3      | Noticed Robin
  3098 | D:3      | Reached XP level 5. HP: 23/28 MP: 10/14
  3112 | D:3      | Killed Robin
  3195 | D:3      | Reached skill level 5 in Spellcasting
  4542 | D:3      | Engulfed by a cloud of flame

Skill      XL: |  1  2  3  4  5 |
---------------+----------------+-----
Conjurations   | 2 3 |  3.6
Spellcasting   | 4 5 |  5.1
Fire Magic     | 4 |  4.7
Dodging        | |  2.4
Stealth        | |  2.4

Action                   |  1- 3 |  4- 6 || total
-------------------------+-------+-------++-------
Melee: Hand axe          |     2 |       ||     2
       Mace              |     5 |     1 ||     6
       Glaive            |       |    10 ||    10
 Cast: Flame Tongue      |    86 |   104 ||   190
 Stab: Sleeping          |       |     3 ||     3
  Eat: Chunk             |     2 |     7 ||     9
       Fruit             |       |     1 ||     1
Armor: Robe              |    10 |    14 ||    24
Dodge: Dodged            |    43 |    41 ||    84
Block: Other             |       |    10 ||    10
       Reflection        |       |     2 ||     2
